 Dungeon Crawl Stone Soup version 0.22.1-2-g9c5b331 (webtiles) character file.

3439 Lew the Cleaver (level 10, -2/72 HPs)
             Began as a Hill Orc Fighter on Nov 16, 2018.
             Slain by a troll (8 damage)
             ... on level 9 of the Dungeon.
             The game lasted 00:17:10 (7733 turns).

Lew the Cleaver (Hill Orc Fighter)                  Turns: 7733, Time: 00:17:11

Health: -2/72      AC: 11    Str: 22    XL:     10   Next: 5%
Magic:  10/10      EV: 10    Int:  8    God:
Gold:   234        SH: 10    Dex: 13    Spells: 9/9 levels left

rFire    . . .     SeeInvis +   a - +0 war axe
rCold    . . .     Gourm    .   c - +0 shield
rNeg     . . .     Faith    .   b - +0 scale mail
rPois    .         Spirit   .   (no helmet)
rElec    .         Reflect  .   d - +0 cloak
rCorr    .         Harm     .   i - +2 pair of gloves
MR       .....                  (no boots)
Stlth    +.........             (no amulet)
HPRegen  0.22/turn              h - +1 ring of slaying
MPRegen  0.12/turn              l - +2 ring of dexterity

@: no status effects
A: hooves 1, see invisible, frail 1, evolution 1
a: no special abilities


You were on level 9 of the Dungeon.
You were not hungry.

You visited 2 branches of the dungeon, and saw 10 of its levels.

You collected 455 gold pieces.
You spent 221 gold pieces at shops.

Inventory:

Hand Weapons
 a - a +0 war axe (weapon)
Armour
 b - a +0 scale mail (worn)
 c - a +0 shield (worn)
 d - a +0 cloak (worn)
 i - a +2 pair of gloves (worn)
Jewellery
 e - an uncursed ring of protection from cold
 h - a +1 ring of slaying (left hand)
 l - a +2 ring of dexterity (right hand)
 m - an uncursed ring of protection from magic
 p - an uncursed ring of protection from cold
 x - an uncursed ring of magical power
Wands
 j - a wand of digging (15)
 o - a wand of flame (44)
 q - a wand of paralysis (2)
Scrolls
 n - 3 scrolls of teleportation
 t - a scroll of fear
 y - a scroll of amnesia
Potions
 g - 2 potions of ambrosia
 k - a potion of lignification
 u - 2 potions of haste
 v - a potion of agility
 w - 2 potions of curing
 z - a potion of magic
 A - 2 potions of flight
Comestibles
 f - 2 rations


   Skills:
 - Level 5.0 Fighting
 * Level 12.4 Axes
 - Level 5.0 Armour
 - Level 5.0 Dodging
 - Level 5.0 Stealth
 - Level 5.0 Shields


You had 9 spell levels left.
You didn't know any spells.
Your spell library contained the following spells:

 Spells                   Type           Power        Failure   Level  Hunger
 Cause Fear               Hex            #.........   100%        4    #####..
 Silence                  Hex/Air        #.........   100%        5    ######.
 Yara's Violent Unravell  Hex/Tmut       #.........   100%        5    ######.
 Deflect Missiles         Chrm/Air       #.........   100%        6    #######
 Discord                  Hex            #.........   100%        8    #######


Dungeon Overview and Level Annotations

Branches:
Dungeon (9/15)             Temple (1/1) D:7            Lair (0/6) D:8
    Orc: D:9-12

Altars:
Ashenzari
Cheibriados
Dithmenos
Elyvilon
Fedhas
Gozag
Hepliaklqana
Kikubaaqudgha
Makhleb
Nemelex Xobeh
Qazlal
Ru
Sif Muna
Trog
Uskayaw
Vehumet
Wu Jian
Xom
Yredelemnul
Zin
The Shining One

Shops:
D:4 !   D:6 ::}   D:7 }


Innate Abilities, Weirdness & Mutations

You have large cloven feet.
You have supernaturally acute eyesight. (SInv)
You are frail. (-10% HP)
You evolve.


Message History

The troll claws you.
You hit the troll. Your kick misses the troll.
The troll is moderately wounded.
The troll bites you. You block the troll's attack.
The troll claws you but does no damage.
You hit the troll. You kick the troll.
The troll is heavily wounded.
The troll barely misses you. The troll claws you but does no damage.
You block the troll's attack.
You closely miss the troll. You kick the troll.
The troll is severely wounded.
The troll bites you!
* * * LOW HITPOINT WARNING * * *
You block the troll's attack. The troll claws you but does no damage.
You closely miss the troll. Your kick misses the troll.
The troll is severely wounded.
The troll bites you!
* * * LOW HITPOINT WARNING * * *
The troll claws you!
You die...

# ### .# #... #%# . ...# ##.#.##
#..# ..#..# #..# #ZO..# #..# #T#
#+# #..#####@######### #.####
#................. .....
.....####.................
...... #..........#######.###+##
#....# #..........# #......#
#....#
#..........#######......###....#
.............<.................#
..##'#####.##.###..###'#.......#
..##.# #.# ###.#....+.......#


You could see a troll, an ogre and a centaur zombie.

Vanquished Creatures
  Prince Ribbit (D:7)
  2 wyverns
  2 porcupines (D:8)
  An orc warrior (D:8)
  An ice beast (D:8)
  2 sky beasts
  A phantom (D:4)
  4 ogres
  2 centaurs
  7 bullfrogs
  A gnoll sergeant (D:6)
  A wyvern skeleton (D:7)
  2 scorpions
  3 wights (D:7)
  A howler monkey (D:6)
  A bullfrog zombie (D:5)
  3 crimson imps
  3 hounds
  A jelly (D:5)
  Crazy Yiuf (D:2)
  A centaur skeleton (D:4)
  Jessica (D:3)
  4 iguanas
  Natasha (thrice) (D:2)
  7 worker ants
  A worker ant zombie (D:7)
  6 adders
  12 gnolls
  2 shadow imps (D:5)
  2 oozes (D:2)
  An adder zombie (D:7)
  3 worms
  3 dart slugs
  4 leopard geckos
  9 orcs
  7 giant cockroaches
  7 goblins
  3 hobgoblins
  13 jackals
  3 quokkas
  6 bats
  7 frilled lizards
  8 kobolds
  A quokka skeleton (D:8)
  8 rats
  A fungus (D:8)
163 creatures vanquished.

Vanquished Creatures (others)
  5 fungi (D:8)
5 creatures vanquished.

Grand Total: 168 creatures vanquished

Notes
Turn   | Place    | Note
-------+----------+-------------------------------------------
     0 | D:1      | Lew the Hill Orc Fighter began the quest for the Orb.
     0 | D:1      | Reached XP level 1. HP: 19/19 MP: 1/1
   134 | D:1      | Reached XP level 2. HP: 26/27 MP: 2/2
   495 | D:1      | Reached skill level 3 in Axes
   566 | D:1      | Reached XP level 3. HP: 33/33 MP: 3/3
  1334 | D:2      | Reached XP level 4. HP: 41/41 MP: 4/4
  1446 | D:2      | Found a runed door.
  1468 | D:2      | Noticed Crazy Yiuf
  1476 | D:2      | Killed Crazy Yiuf
  1641 | D:2      | Found a basalt altar of Yredelemnul.
  1643 | D:2      | Noticed a profane servitor
  1657 | D:2      | Found a glowing golden altar of the Shining One.
  1660 | D:2      | Noticed an angel
  1730 | D:2      | Noticed Natasha
  1732 | D:2      | Killed Natasha
  1732 | D:2      | Reached XP level 5. HP: 40/47 MP: 5/5
  1741 | D:2      | Reached skill level 4 in Axes
  1817 | D:2      | Noticed Natasha
  1823 | D:2      | Killed Natasha
  1950 | D:2      | Noticed Natasha
  1961 | D:2      | Killed Natasha
  1961 | D:2      | Reached skill level 1 in Dodging
  2380 | D:3      | Noticed Jessica
  2399 | D:3      | Killed Jessica
  2399 | D:3      | Reached XP level 6. HP: 53/55 MP: 6/6
  2689 | D:3      | Reached skill level 1 in Stealth
  2957 | D:4      | Found a shadowy altar of Dithmenos.
  3154 | D:4      | Reached skill level 5 in Axes
  3173 | D:4      | Found Netelury's Distillery.
  3178 | D:4      | Bought a potion of haste for 130 gold pieces
  3178 | D:4      | Bought a potion of agility for 52 gold pieces
  3178 | D:4      | Bought a potion of curing for 39 gold pieces
  3300 | D:4      | Reached skill level 5 in Fighting
  3624 | D:4      | Noticed a phantom
  3638 | D:4      | Reached XP level 7. HP: 51/61 MP: 7/7
  3811 | D:5      | Entered Level 5 of the Dungeon
  3859 | D:5      | Found a white marble altar of Elyvilon.
  3918 | D:5      | Reached skill level 6 in Axes
  3919 | D:5      | Reached skill level 5 in Shields
  4017 | D:5      | Found a burning altar of Makhleb.
  4018 | D:5      | Found a radiant altar of Vehumet.
  4168 | D:5      | Found a hazy altar of Hepliaklqana.
  4350 | D:6      | Gained mutation: You are weak. (Str -2) [potion of
                  | mutation]
  4350 | D:6      | Gained mutation: You are clumsy. (Dex -2) [potion of
                  | mutation]
  4350 | D:6      | Lost mutation: You are weak. (Str -2) [potion of mutation]
  4350 | D:6      | Gained mutation: You are robust. (+10% HP) [potion of
                  | mutation]
  4371 | D:6      | Found a snail-covered altar of Cheibriados.
  4375 | D:6      | Found Samanuh's Book Boutique.
  4402 | D:6      | Lost mutation: You are robust. (+10% HP) [potion of
                  | mutation]
  4402 | D:6      | Lost mutation: You are clumsy. (Dex -2) [potion of
                  | mutation]
  4402 | D:6      | Gained mutation: You evolve. [potion of mutation]
  4402 | D:6      | Gained mutation: You are frail. (-10% HP) [potion of
                  | mutation]
  4402 | D:6      | Gained mutation: You have large cloven feet. [potion of
                  | mutation]
  4569 | D:6      | Reached skill level 5 in Armour
  4569 | D:6      | Reached XP level 8. HP: 45/61 MP: 8/8
  4613 | D:6      | Found Raxacsar's Gadget Emporium.
  4698 | D:6      | Reached skill level 7 in Axes
  4883 | D:6      | Found Zuekamel's Book Boutique.
  4969 | D:6      | Reached skill level 8 in Axes
  5030 | D:7      | Noticed Prince Ribbit
  5397 | D:7      | Reached skill level 9 in Axes
  5425 | D:7      | Found Usheump's Gadget Emporium.
  5426 | D:7      | Found a blossoming altar of Fedhas.
  5670 | D:7      | Reached XP level 9. HP: 66/66 MP: 9/9
  5705 | D:7      | Gained mutation: You have supernaturally acute eyesight.
                  | (SInv) [evolution]
  5930 | D:7      | Killed Prince Ribbit
  6045 | D:7      | Found a staircase to the Ecumenical Temple.
  6103 | D:7      | Reached skill level 10 in Axes
  6206 | Temple   | Entered the Ecumenical Temple
  6951 | D:8      | Reached skill level 11 in Axes
  6983 | D:8      | Reached skill level 5 in Stealth
  7320 | D:8      | Found a staircase to the Lair.
  7329 | D:8      | Reached skill level 5 in Dodging
  7642 | D:9      | Found an ornate altar of the Wu Jian Council.
  7697 | D:9      | Noticed a troll
  7701 | D:9      | Reached skill level 12 in Axes
  7701 | D:9      | Reached XP level 10. HP: 70/72 MP: 10/10
  7733 | D:9      | Slain by a troll

Skill      XL: |  1  2  3  4  5  6  7  8  9 |
---------------+----------------------------+-----
Fighting       | 4 5 |  5.0
Axes           | 3 4 5 6 9 12 | 12.4
Shields        | 4 5 |  5.0
Armour         | 4 5 |  5.0
Dodging        | 1 2 3 5 |  5.0
Stealth        | 1 2 3 5 |  5.0

Action                   |  1- 3 |  4- 6 |  7- 9 | 10-12 || total
-------------------------+-------+-------+-------+-------++-------
Melee: War axe           |   133 |   177 |   297 |    30 ||   637
       Kick              |       |       |    79 |    10 ||    89
  Use: Potion            |     4 |     2 |     8 |     1 ||    15
       Scroll            |     4 |     3 |    10 |       ||    17
 Stab: Invisible         |       |       |     2 |       ||     2
  Eat: Chunk             |     1 |     2 |     4 |       ||     7
       Ration            |       |     2 |     3 |       ||     5
Armor: Scale mail        |    87 |    61 |   101 |     7 ||   256
Dodge: Dodged            |    50 |    70 |    93 |    18 ||   231
Block: Shield            |    91 |    91 |   128 |    18 ||   328
